Map: Rovine di Endion

Players

Jhyrachy - Winner!

  • Race: Zerg Zerg
  • League: Gold

KingPei

  • Race: Terran Terran
  • League: Bronze

VOD

Have the link to the VOD?

Description

Time

  • Played on: May 12, 2016, 5:39 p.m.
  • Length: 9:19
Show
View Real Time Build Order
Export as new Build Order

Jhyrachy Zerg - Winner!

Build Orders: Hatch First 

Get SALT Encoding   

  12  0:01  Drone  
  13  0:08  Drone  
  14  0:17  Overlord  
  14  0:36  Drone x3  
  17  0:58  Hatchery  
  17  1:00  Drone  
  17  1:05  Drone  
  17  1:06  Extractor  
  17  1:12  Drone  
  18  1:21  Spawning Pool  
  18  1:22  Drone  
  18  1:32  Drone  
  19  1:44  Drone  
  20  1:54  Overlord  
  20  2:18  Queen  
  20  2:19  Metabolic Boost  
  20  2:22  Queen  
  24  2:24  Drone x2  
  24  2:25  Drone x3  
  29  2:34  Drone  
  30  2:57  Drone  
  30  2:58  Drone x3, Extractor  
  32  3:02  Drone  
  34  3:06  Extractor  
  34  3:11  Drone  
  34  3:12  Drone  
  35  3:19  Overlord  
  35  3:29  Lair  
  35  3:36  Drone  
  35  3:39  Drone x2  
  38  3:42  Zergling x2  
  38  3:43  Zergling x4  
  38  3:44  Zergling x2  
  42  4:22  Evolution Chamber  
  41  4:25  Evolution Chamber  
  41  4:26  Drone x4  
  41  4:28  Overlord x2  
  41  4:29  Overlord  
  44  4:33  Extractor  
  44  4:34  Hatchery  
  41  4:47  Drone x4  
  41  4:48  Drone x5  
  41  4:50  Drone  
  41  4:52  Zerg Ground Armor Level 1, Zerg Missile Weapons Level 1  
  51  5:07  Infestation Pit  
  50  5:26  Roach Warren, Queen  
  51  5:29  Burrow  
  51  5:48  Pneumatized Carapace  
  63  6:30  Glial Reconstitution  
Show
View Real Time Build Order
Export as new Build Order

KingPei Terran 

Build Orders:  

Get SALT Encoding   

  12  0:05  SCV  
  13  0:17  SCV  
  14  0:27  Supply Depot  
  14  0:32  SCV  
  15  0:49  SCV  
  16  0:55  Barracks  
  16  1:44  Supply Depot  
  16  1:48  SCV  
  17  1:59  Marine  
  17  2:00  SCV  
  19  2:12  SCV  
  20  2:17  Marine  
  20  2:21  Command Center  
  21  2:32  Refinery  
  21  2:35  Marine  
  22  2:53  Marine  
  23  3:11  Marine  
  24  3:17  Orbital Command  
  24  3:29  Marine  
  25  3:36  Orbital Command  
  25  3:46  Marine  
  26  4:04  Marine  
  27  4:16  Orbital Command  
  27  4:22  Marine  
  28  4:46  SCV  
  29  4:58  SCV  
  30  5:10  SCV  
  31  5:19  Marine  
  32  5:22  SCV  
  33  5:31  Refinery  
  33  5:37  Marine  
  34  5:55  Marine  
  35  6:04  SCV  
  36  6:13  Marine  
  36  6:16  SCV  
Tags
 
Add a new tag
Caveats
  • Supply blocks, unpowered buildings, or Contaminate may cause inaccurate times.
  • Supply counts are checked every 10 seconds.